 Dungeon Crawl Stone Soup version 0.26-a0-712-ga5a9c9c9d0 (webtiles) character file.

Game seed: 5593417827588397530

1050 Arthanis the Chopper (level 8, -1/51 HPs)
             Began as a Gargoyle Berserker on Nov 7, 2020.
             Was an Elder of Trog.
             Slain by an orc warrior
             ... wielding a +0 scimitar
              (17 damage)
             ... on level 6 of the Dungeon.
             The game lasted 00:06:03 (5124 turns).

Arthanis the Chopper (Gargoyle Berserker)           Turns: 5124, Time: 00:06:04

Health: -1/51      AC: 16    Str: 21    XL:     8   Next: 26%
Magic:  8/8        EV:  8    Int: 10    God:    Trog [****..]
Gold:   371        SH:  0    Dex:  9    Spells: 7/7 levels left

rFire    . . .     SeeInvis .   a - +0 hand axe
rCold    . . .     Faith    .   (no shield)
rNeg     + . .     Spirit   .   d - +0 chain mail
rPois    ∞         Reflect  .   m - +0 helmet
rElec    +         Harm     .   (no cloak)
rCorr    .         Rampage  .   (no gloves)
MR       +++..     Rnd*Tele +   (no boots)
Stlth    ..........             (no amulet)
HPRegen  1.17/turn              w - ring of teleportation (curse)
MPRegen  0.11/turn              t - ring of protection from magic

@: berserk cooldown, regenerating, slowed, very slow
A: negative energy resistance 1, electricity resistance, unbreathing,
petrification resistance, rot immunity, AC +5
a: Berserk, Trog's Hand, Brothers in Arms, Renounce Religion


You were on level 6 of the Dungeon.
You worshipped Trog.
Trog was greatly pleased with you.
You visited 1 branch of the dungeon, and saw 6 of its levels.

You collected 410 gold pieces.
You spent 39 gold pieces at shops.

Inventory:

Hand Weapons
 a - a +0 hand axe (weapon)
 o - a +0 trident
 s - a +3 flail of draining
Armour
 b - a +0 animal skin
 d - a +0 chain mail (worn)
 m - a +0 helmet (worn)
Jewellery
 h - an uncursed ring of protection from fire
 t - a ring of protection from magic (right hand)
 u - an uncursed ring of poison resistance
 w - a cursed ring of teleportation (left hand)
Wands
 n - a wand of iceblast (9)
Scrolls
 e - 3 scrolls of identify
 g - 5 scrolls of magic mapping
 j - 3 scrolls of immolation
 k - 4 scrolls of teleportation
 p - 4 scrolls of amnesia
 q - a scroll of blinking
 r - a scroll of enchant armour
 y - a scroll of fog {unknown}
Potions
 c - 3 potions of curing {unknown}
 f - 2 potions of might {unknown}
 i - a potion of invisibility {unknown}
 l - a potion of mutation {unknown}
 v - a potion of berserk rage {unknown}
 x - a potion of magic {unknown}
 z - a potion of heal wounds {unknown}
 A - 2 potions of haste {unknown}


   Skills:
 + Level 5.8 Fighting
 * Level 6.3 Axes
 + Level 5.2 Armour
 - Level 2.0 Dodging
 - Level 2.1 Evocations


You had 7 spell levels left.
You didn't know any spells.
Your spell library was empty.

Dungeon Overview and Level Annotations

Branches:
Dungeon (6/15)
 Temple: D:4-7

Altars:
Hepliaklqana
Nemelex Xobeh
Trog

Shops:
D:5 *


Innate Abilities, Weirdness & Mutations

You are resistant to torment.
Your stone body is resilient. (AC +5)
You are immune to poison.
You resist negative energy. (rN+)
You are resistant to electric shocks. (rElec)
You can survive without breathing.
You are immune to petrification.
You are immune to rotting.


Message History

You feel yourself slow down.
You hear some strange, mumbled words.
A magic dart appears from out of thin air!
The magic dart hits you.
Your skin crawls.
You feel resistant to hostile enchantments.
The orc warrior hits you with a +0 scimitar!
* * * LOW HITPOINT WARNING * * *
Something hits you but does no damage.
The orc warrior hits you but does no damage.
You closely miss the orc warrior.
The orc warrior is heavily wounded.
You hit something. Something hits you but does no damage.
The orc warrior hits you but does no damage.
Something hits you but does no damage.
Your chain mail prevents you from hitting the orc warrior.
The orc warrior is moderately wounded.
You completely miss something.
The orc warrior hits you with a +0 scimitar!
You die...

#.# .. #(## ..# #
#.##
#.#####..###+##+##
#......#.#.......#
#........)o@.....#
#.####.##..{.....#
#.##..#..#.##
#.###.#..# .. #.#
#....# #
####'####...#
#...........#
#.....###....
#.....+ .>...


You could see an orc warrior.

Vanquished Creatures
  Edmund (D:4)
  A sky beast (D:5)
  A water moccasin zombie (D:6)
  A scorpion (D:4)
  A howler monkey (D:4)
  A bullfrog zombie (D:6)
  2 hounds (D:4)
  A jelly (D:5)
  2 bullfrog skeletons (D:5)
  An orc priest (D:3)
  2 centaur skeletons
  An iguana (D:5)
  2 orc wizards
  3 worker ants
  A hound zombie (D:5)
  A hound skeleton (D:5)
  Robin (D:3)
  5 adders
  3 gnolls (D:4)
  A white imp (D:5)
  An ufetubus (D:5)
  3 oozes
  An adder skeleton (D:4)
  2 adder zombies (D:5)
  5 worms
  3 dart slugs
  5 leopard geckos
  17 orcs
  A ball python (D:3)
  6 giant cockroaches
  12 goblins
  6 hobgoblins
  8 jackals
  3 quokkas
  9 bats
  7 frilled lizards
  A jackal zombie (D:5)
  11 kobolds
  9 rats
142 creatures vanquished.

Notes
Turn   | Place    | Note
-------+----------+-------------------------------------------
     0 | D:1      | Arthanis the Gargoyle Berserker began the quest for the
                  | Orb.
     0 | D:1      | Reached XP level 1. HP: 14/14 MP: 1/1
   174 | D:1      | Reached XP level 2. HP: 19/19 MP: 2/2
   299 | D:1      | Reached skill level 3 in Axes
   645 | D:1      | Reached XP level 3. HP: 22/23 MP: 3/3
  1401 | D:2      | Reached ** piety under Trog
  1521 | D:2      | Reached XP level 4. HP: 20/29 MP: 4/4
  2071 | D:3      | Noticed Robin
  2083 | D:3      | Killed Robin
  2264 | D:3      | Reached skill level 4 in Axes
  2264 | D:3      | Reached XP level 5. HP: 33/33 MP: 5/5
  2748 | D:3      | Reached *** piety under Trog
  3269 | D:4      | Noticed Edmund
  3284 | D:4      | Killed Edmund
  3284 | D:4      | Reached XP level 6. HP: 39/39 MP: 6/6
  3429 | D:4      | Found a sparkling altar of Nemelex Xobeh.
  3499 | D:4      | Reached skill level 5 in Axes
  3792 | D:4      | Reached XP level 7. HP: 44/44 MP: 7/7
  3806 | D:4      | Reached skill level 5 in Fighting
  3806 | D:4      | Reached skill level 1 in Evocations
  3925 | D:5      | Entered Level 5 of the Dungeon
  4252 | D:5      | Found Pudevit's General Store.
  4417 | D:5      | Found a hazy altar of Hepliaklqana.
  4624 | D:5      | Reached **** piety under Trog
  4659 | D:5      | Reached skill level 6 in Axes
  4659 | D:5      | Reached skill level 5 in Armour
  4659 | D:5      | Reached XP level 8. HP: 50/50 MP: 8/8
  4669 | D:5      | Bought a scroll of teleportation for 39 gold pieces
  4701 | D:5      | Found a bloodstained altar of Trog.
  5124 | D:6      | Slain by an orc warrior

Illustrated notes

Levels and vault maps discovered:
D:1:      dpeg_arrival_refuge, layout_basic, minmay_misc_feat_cross,
          minmay_split_cup_large
D:2:      layout_basic
D:3:      kennysheep_six_static_rooms, layout_loops_ring, columned_hall_lemuel,
          uniq_robin
D:4:      layout_rooms, lemuel_doored_altar, hangedman_decor_points,
          minivault_25, uniq_edmund
D:5:      layout_loops_ring, overflow_temple_1_default,
          lemuel_coloured_pillars_altar, kennysheep_windowed_goal
D:6:      layout_basic, minmay_temple_entry_butterflies, uniq_pikel,
          uniq_sigmund

Skill      XL: |  1  2  3  4  5  6  7 |
---------------+----------------------+-----
Axes           | 3 4 5 6 |  6.3
Dodging        | 2 |  2.0
Armour         | 3 4 5 |  5.2
Fighting       | 4 5 |  5.8
Evocations     | 2 |  2.1

Action                   |  1- 3 |  4- 6 |  7- 9 || total
-------------------------+-------+-------+-------++-------
Melee: Hand axe          |   116 |   284 |   222 ||   622
Invok: Berserk           |     1 |     5 |     3 ||     9
       Trog's Hand       |       |       |     1 ||     1
  Use: Scroll            |       |       |     6 ||     6
Armor: Animal skin       |     8 |       |       ||     8
       Chain mail        |    78 |   181 |   183 ||   442
Dodge: Dodged            |    72 |   103 |   109 ||   284

Table legend: (Time is in decaauts)
 A = Elapsed time spent in this place.
 B = Non-inter-level travel time spent in this place.
 C = Inter-level travel time spent in this place.
 D = Time resting spent in this place.
 E = Time spent auto-exploring this place.
 F = Levels seen in this place.
 G = Mean time per level.
                   A        B        C        D        E       F      G
               +--------+--------+--------+--------+--------+-----+--------+
         Total |   5234 |   5057 |    177 |    129 |   3850 |   6 |  872.3 |
       Dungeon |   5234 |   5057 |    177 |    129 |   3850 |   6 |  872.3 |
               +--------+--------+--------+--------+--------+-----+--------+

Top non-repeatable levels by time:
     D:1: 1260 daAuts
     D:3: 1241 daAuts
     D:5: 946 daAuts
     D:2: 840 daAuts
     D:4: 834 daAuts
     D:6: 111 daAuts
